 Dungeon Crawl Stone Soup version 0.28-a0-828-g0121872642 (webtiles) character file.

Game seed: 17399839776702093698

385 croobank the Cudgeller (level 6, 0/37 HPs)
             Began as a Gargoyle Gladiator on Nov 10, 2021.
             Was a Believer of Wu Jian.
             Slain by a wraith (6 damage)
             ... in an ossuary.
             The game lasted 00:17:06 (2930 turns).

croobank the Cudgeller (Gargoyle Gladiator)         Turns: 2930, Time: 00:17:06

Health: 0/37       AC:  8    Str: 19    XL:     6   Next: 77%
Magic:  6/6        EV: 12    Int:  8    God:    Wu Jian [**....]
Gold:   99         SH:  0    Dex: 12    Spells: 4/5 levels left

rFire   . . .      SeeInvis .   a - +0 flail
rCold   . . .      Faith    .   (no shield)
rNeg    + . .      Spirit   .   b - +0 leather armour
rPois   ∞          Reflect  .   c - +0 helmet
rElec   +          Harm     .   (no cloak)
rCorr   .          Rampage  .   (no gloves)
Will    +....                   (no boots)
Stlth   +.........              (no amulet)
HPRegen 0.12/turn               e - ring of flight
MPRegen 0.10/turn               h - ring of willpower

@: flying, slowed, very slow
A: sickness immunity, AC +4, negative energy resistance 1, electricity
resistance, torment resistance 1, petrification resistance
a: Renounce Religion, Wall Jump


You were in an ossuary.
You worshipped Wu Jian.
Wu Jian was pleased with you.
You visited 1 branch of the dungeon, and saw 4 of its levels.
You also visited: Ossuary.

You collected 99 gold pieces.

Inventory:

Hand Weapons
 a - a +0 flail (weapon)
Missiles
 k - 147 stones (quivered)
Armour
 b - a +0 leather armour (worn)
 c - a +0 helmet (worn)
 g - a +0 ring mail
Jewellery
 e - a ring of flight (left hand)
 h - a ring of willpower (right hand)
 o - a ring of protection from fire
Wands
 n - a wand of iceblast (5)
Scrolls
 f - a scroll of noise {unknown}
 m - 4 scrolls of teleportation {unknown}
 p - a scroll of acquirement {unknown}
 q - a scroll of immolation {unknown}
Potions
 d - a potion of resistance {unknown}
 i - 4 potions of curing
 j - a potion of degeneration
 l - a potion of attraction
 r - a potion of brilliance {unknown}


   Skills:
 + Level 3.5 Fighting
 + Level 5.1 Maces & Flails
 + Level 2.1 Throwing
 + Level 2.7 Armour
 + Level 3.3 Dodging
 + Level 1.4 Stealth


You had 4 spell levels left.
You knew the following spells:

 Your Spells              Type           Power      Damage    Failure   Level
a - Summon Small Mammal   Summ           0%         N/A       45%         1

Your spell library contained the following spells:

 Spells                   Type           Power      Damage    Failure   Level


Dungeon Overview and Level Annotations

Branches:
Dungeon (4/15)            Ossuary (1/1)
 Temple: D:4-7

Altars:
Cheibriados
Gozag
Kikubaaqudgha
Qazlal
Sif Muna
Vehumet
Wu Jian


Innate Abilities, Weirdness & Mutations

You are immune to sickness and miasma.
Your stone body is resilient. (AC +4)
You are immune to poison.
You resist negative energy. (rN+)
You are resistant to electric shocks. (rElec)
You are resistant to unholy torment.
You are immune to petrification.


Message History

There is an open gate here.
You start resting.
HP restored.
You reach down and open the door.
There is an open door here.
i - 2 potions of curing (gained 1)
d - a yellow potion
i - 3 potions of curing (gained 1)
i - 4 potions of curing (gained 1)
There is an open door here.
You reach down and open the gate.
There is an open gate here.
You reach down and open the door.
There is an open door here.
You reach down and open the door.
There is an open door here.
You reach down and open the door.
There is an open door here.
Press: ? - help, v - describe, . - travel, g - get item Item here: a scroll of identify.
The floor.
You hit the wraith.
The wraith is lightly damaged.
The wraith hits you. The wraith drains your vigour!
You feel yourself slow down.
You closely miss the wraith.
The wraith is lightly damaged.
The wraith hits you! The wraith drains your vigour!
You feel as though you will be slow longer.
The wraith completely misses you.
You hit the wraith.
The wraith is lightly damaged.
The wraith hits you! The wraith drains your vigour!
You feel as though you will be slow longer.
The wraith hits you!
* * * LOW HITPOINT WARNING * * *
The wraith drains your vigour!
You feel as though you will be slow longer.
The wraith hits you.
You die...

...............
#####'#####
##.........##
##...#####...##
##...##...##...##
#...##..!?.##...#
+...'.???!..#...+
#..W##..?..##...#
##..@##...##...##
. ##...#####...##
...##.........##
....#####'#####..
.................
.................
########'''######
####...# #..'...+


You could see a wraith.

Vanquished Creatures
  A black bear (D:4)
  5 orc wizards (D:3)
  A mummy (Ossuary)
  A hound skeleton (D:4)
  5 adders
  A howler monkey skeleton (D:4)
  An adder skeleton (D:4)
  A worm (D:2)
  2 dart slugs
  4 orcs (D:3)
  7 bats
  2 endoplasms (D:1)
  A giant cockroach (D:3)
  2 goblins (D:1)
  5 hobgoblins
  11 jackals
  3 quokkas
  8 ball pythons
  2 frilled lizards
  3 gnoll skeletons (Ossuary)
  7 kobolds
  4 kobold skeletons (Ossuary)
  2 orc skeletons (Ossuary)
  2 rats (D:2)
81 creatures vanquished.

Vanquished Creatures (others)
  An orc wizard (D:3)
  2 plants (D:3)
3 creatures vanquished.

Grand Total: 84 creatures vanquished

Notes
Turn   | Place    | Note
-------+----------+-------------------------------------------
     0 | D:1      | croobank the Gargoyle Gladiator began the quest for the
                  | Orb.
     0 | D:1      | Reached XP level 1. HP: 12/12 MP: 1/1
    52 | D:1      | Reached XP level 2. HP: 16/18 MP: 2/2
   203 | D:1      | Found a faded altar of an unknown god.
   218 | D:1      | Prayed at the altar of an unknown god.
   218 | D:1      | Became a worshipper of the Wu Jian Council
   218 | D:1      | Reached * piety under Wu Jian
   672 | D:1      | Reached XP level 3. HP: 21/22 MP: 3/3
   946 | D:2      | Reached skill level 1 in Armour
  1335 | D:3      | Reached XP level 4. HP: 21/27 MP: 4/4
  1336 | D:3      | Reached ** piety under Wu Jian
  1404 | D:3      | Found an opulent altar of Gozag.
  1417 | D:3      | Found a snail-covered altar of Cheibriados.
  1934 | D:3      | Found a shimmering blue altar of Sif Muna.
  1955 | D:3      | Reached XP level 5. HP: 11/32 MP: 5/5
  1960 | D:3      | Reached skill level 4 in Maces & Flails
  2147 | D:3      | Got Sif Muna's Volume of Calling
  2150 | D:3      | Learned a level 1 spell: Summon Small Mammal
  2172 | D:3      | Found an ancient bone altar of Kikubaaqudgha.
  2217 | D:3      | Found a radiant altar of Vehumet.
  2391 | D:4      | Found a stormy altar of Qazlal.
  2394 | D:4      | Noticed an air elemental
  2394 | D:4      | Noticed a fire elemental
  2394 | D:4      | Noticed a water elemental
  2437 | D:4      | Reached XP level 6. HP: 36/37 MP: 6/6
  2461 | D:4      | Noticed a black bear
  2467 | D:4      | Killed a black bear
  2468 | D:4      | Reached skill level 1 in Stealth
  2674 | D:4      | Reached skill level 5 in Maces & Flails
  2766 | D:4      | Found a sand-covered staircase.
  2771 | Ossuary  | Entered an ossuary
  2771 | Ossuary  | Noticed a wraith
  2771 | Ossuary  | Noticed a wraith
  2771 | Ossuary  | Noticed a wraith
  2904 | Ossuary  | Noticed a wraith
  2930 | Ossuary  | Slain by a wraith

Illustrated notes

Levels and vault maps discovered:
D:1:      enne_arrival_octagon_isle, layout_basic,
          dreamdust_ecumenical_altar_statues, patterned_corridor
D:2:      layout_basic, lemuel_old_faithful
D:3:      layout_basic, palyth_temple_overflow_mages,
          mainiacjoe_overflow_small_starburst, nicolae_overflow_crystal_walls,
          guppyfry_early_lair_pool
D:4:      minmay_door_path, layout_rooms, nicolae_qazlal_style_of_elements,
          nicolae_ossuary_entry_false_entrances
Ossuary:  ossuary_due_mausoleum

Skill      XL: |  1  2  3  4  5  6 |
---------------+-------------------+-----
Throwing       | 2 |  2.1
Armour         | 1 2 |  2.7
Dodging        | 3 |  3.3
Fighting       | 3 |  3.5
Maces & Flails | 4 5 |  5.1
Stealth        | 1 |  1.4

Action                   |  1- 3 |  4- 6 || total
-------------------------+-------+-------++-------
Melee: Flail             |   136 |   173 ||   309
Throw: Throwing net      |     1 |     3 ||     4
       Stone             |       |     2 ||     2
Invok: Lunge             |     6 |    12 ||    18
       Whirlwind         |     2 |     3 ||     5
  Use: Scroll            |     3 |     1 ||     4
       Potion            |       |     2 ||     2
 Stab: Sleeping          |       |     3 ||     3
Armor: Leather armour    |    68 |   116 ||   184
Dodge: Dodged            |   121 |    98 ||   219

Table legend: (Time is in decaauts)
 A = Elapsed time spent in this place.
 B = Non-inter-level travel time spent in this place.
 C = Inter-level travel time spent in this place.
 D = Time resting spent in this place.
 E = Time spent auto-exploring this place.
 F = Levels seen in this place.
 G = Mean time per level.
                   A        B        C        D        E       F      G
               +--------+--------+--------+--------+--------+-----+--------+
         Total |   2990 |   2944 |     46 |    437 |   1716 |   5 |  598.0 |
       Dungeon |   2826 |   2780 |     46 |    379 |   1670 |   4 |  706.5 |
       Ossuary |    164 |    164 |      0 |     58 |     46 |   1 |  164.0 |
               +--------+--------+--------+--------+--------+-----+--------+

Top non-repeatable levels by time:
     D:3: 1096 daAuts
     D:1: 882 daAuts
     D:2: 446 daAuts
     D:4: 400 daAuts
 Ossuary: 164 daAuts
